General information
			
			
        
        - name: HighUpInTheSKY
 
        - type: Custom game
 
        - host: HighUpInTheSKY
 
        - saver: TIMG4STRok
 
        
map: TurtleRock 
        - players: 2
 
        - length: 09:46
 
        - speed: Fast
 - version: 1.22 W3XP
 - replay type:  

 
» download(68 KB)
Players
        team 1 (winner) 
              
              
» 
HighUpInTheSKY (
pink | 119 APM | 1162 actions | 09:46)
              
 2 Archmage 
 1 Summon Water Elemental
 1 Brilliance Aura
 
                » actions 
                
                | Assign group hotkey | 39 |  | 
| Basic commands | 17 |  | 
| Build / train | 45 |  | 
| ESC pressed | 2 |  | 
| Enter build submenu | 19 |  | 
| Enter hero's abilities submenu | 2 |  | 
| Right click | 542 |  | 
| Select / deselect | 277 |  | 
| Select group hotkey | 168 |  | 
| Use ability | 51 |  | 
                1162 total
 » units 
                » upgrades
                » buildings
                
                | Altar of Kings | 1 |  | 
| Farm | 6 |  | 
| Barracks | 1 |  | 
| Lumber Mill | 1 |  | 
| Scout Tower | 8 |  | 
| Arcane Tower | 1 |  | 
| Arcane Vault | 1 |  | 
| Guard Tower | 7 |  | 
                26 total
 » build order
                00:07 Altar of Kings
00:19 Farm
00:22 Barracks
00:34 Farm
01:35 Farm
02:40 Lumber Mill
02:51 Scout Tower
03:24 Arcane Tower
04:53 Arcane Vault
05:06 Farm
05:29 Farm
06:08 Farm
06:42 Scout Tower
06:53 Guard Tower
06:54 Scout Tower
07:11 Guard Tower
07:16 Scout Tower
08:01 Guard Tower
08:07 Guard Tower
08:30 Scout Tower
08:42 Guard Tower
08:43 Scout Tower
09:07 Guard Tower
09:15 Scout Tower
09:31 Guard Tower
09:32 Scout Tower
» items
                
                | Scroll of Regeneration | 1 |  | 
| Lesser Clarity Potion | 1 |  | 
                2 total
  
               team 2 (loser) 
              
              
» 
TIMG4STRok (
gray | 161 APM | 1572 actions | 09:46)
              
 3 Blademaster 
 2 Wind Walk
 1 Critical Strike
 1 Shadow Hunter 
 1 Hex
 
                » actions 
                
                | Assign group hotkey | 17 |  | 
| Basic commands | 19 |  | 
| Build / train | 29 |  | 
| ESC pressed | 4 |  | 
| Enter build submenu | 16 |  | 
| Enter hero's abilities submenu | 4 |  | 
| Right click | 847 |  | 
| Select / deselect | 124 |  | 
| Select group hotkey | 465 |  | 
| Use ability | 47 |  | 
                1572 total
 » units 
                » upgrades
                » buildings
                
                | Altar of Storms | 1 |  | 
| Orc Burrow | 4 |  | 
| Barracks | 1 |  | 
| Voodoo Lounge | 1 |  | 
| Stronghold | 1 |  | 
| War Mill | 1 |  | 
| Beastiary | 2 |  | 
| Watch Tower | 5 |  | 
                16 total
 » build order
                00:02 Altar of Storms
00:11 Orc Burrow
00:29 Barracks
01:36 Orc Burrow
02:28 Orc Burrow
03:16 Voodoo Lounge
04:28 Stronghold
06:03 War Mill
06:17 Orc Burrow
07:27 Beastiary
07:57 Watch Tower
07:57 Watch Tower
08:11 Watch Tower
08:27 Watch Tower
08:54 Beastiary
09:12 Watch Tower
» items
                
                | Healing Salve | 1 |  | 
| Lesser Clarity Potion | 2 |  | 
| Scroll of Speed | 1 |  | 
| Potion of Healing | 1 |  | 
| Potion of Mana | 1 |  | 
                6 total
  
                Chat log
          (00:05 / All) TIMG4STRok: hubba hubba
(00:11 / All) HighUpInTheSKY: hf
(00:13 / All) TIMG4STRok: gg gl
(00:26 / All) HighUpInTheSKY: damn you
(00:29 / All) HighUpInTheSKY: if you got orc :(
(00:37 / All) TIMG4STRok: did you get undead
(00:44 / All) HighUpInTheSKY: i dont know
(00:45 / All) HighUpInTheSKY: DID I?
(00:48 / All) TIMG4STRok: i don't know
(00:50 / All) HighUpInTheSKY: bwahahaha
(00:53 / All) TIMG4STRok: i was playing a bo3 with this guy
(01:02 / All) TIMG4STRok: he guessed what races i was by when i would start typing
(01:08 / All) TIMG4STRok: guessed right 3 times in a row it was gay as hell
(01:12 / All) HighUpInTheSKY: lol
(01:13 / All) HighUpInTheSKY: wtf
(01:17 / All) HighUpInTheSKY: how?
(01:28 / All) TIMG4STRok: either that or he mh at the very beginning of the game and thats it
(01:29 / All) TIMG4STRok: i dont know
(01:32 / All) TIMG4STRok: i guess you can tell
(01:47 / All) TIMG4STRok: by when you should be making buildings and when you have time to talk
(01:57 / All) TIMG4STRok: i think human is the fastest
(01:58 / All) HighUpInTheSKY: odd
(02:04 / All) TIMG4STRok: then elf/orc tied and then ud
(02:40 / All) TIMG4STRok: so thats how it is
(03:00 / All) TIMG4STRok: hope you enjoy staying level 1 all game
(03:05 / All) HighUpInTheSKY: tt
(03:08 / All) TIMG4STRok: im going to show you what being gay means
(04:57 / All) HighUpInTheSKY: gay
(05:05 / All) TIMG4STRok: you started it
(05:27 / All) TIMG4STRok: it didn't have to be this way
(05:35 / All) HighUpInTheSKY: i did it too slow anyways
(05:37 / All) HighUpInTheSKY: in the start
(05:37 / All) HighUpInTheSKY: tt
(09:30 / All) TIMG4STRok: man thats the gayest shit in the game
(09:41 / All) HighUpInTheSKY: :)